 Dungeon Crawl Stone Soup version 0.25-a0-290-g4a1327ee3a (webtiles) character file.

Game seed: 17301719526063172424, levelgen mode: deterministic

53 Lanoc the Poker (level 3, 0/30 HPs)
             Began as a Draconian Warper on Dec 13, 2019.
             Slain by a gnoll
             ... wielding a +0 club
              (8 damage)
             ... on level 1 of the Dungeon.
             The game lasted 00:02:51 (1275 turns).

Lanoc the Poker (Draconian Warper)                  Turns: 1275, Time: 00:02:52

Health: 0/30       AC:  5    Str: 13    XL:     3   Next: 62%
Magic:  6/6        EV: 14    Int: 14    God:
Gold:   71         SH:  0    Dex: 10    Spells: 4/6 levels left

rFire    . . .     SeeInvis .   a - +0 spear
rCold    . . .     Gourm    .   (no shield)
rNeg     . . .     Faith    .   (armour unavailable)
rPois    .         Spirit   .   (helmet restricted)
rElec    .         Reflect  .   (no cloak)
rCorr    .         Harm     .   (no gloves)
MR       .....                  (no boots)
Stlth    +.........             (no amulet)
HPRegen  0.10/turn              h - +2 ring of evasion
MPRegen  0.10/turn              (no ring)

@: no status effects
A: unfitting armour, cold-blooded, AC +5
a: no special abilities


You were on level 1 of the Dungeon.
You were not hungry.

You visited 1 branch of the dungeon, and saw 2 of its levels.

You collected 71 gold pieces.

Inventory:

Hand Weapons
 a - a +0 spear (weapon)
Missiles
 d - 5 boomerangs of dispersal (quivered)
 i - 43 sling bullets
Jewellery
 h - a +2 ring of evasion (left hand)
Scrolls
 b - 3 scrolls of identify {unknown}
 c - 3 scrolls of blinking
Potions
 e - 2 potions of agility {unknown}
 g - 2 potions of curing {unknown}
Comestibles
 f - 2 rations
 j - 4 chunks of flesh


   Skills:
 + Level 2.9 Fighting
 * Level 3.2 Polearms
 - Level 0.8 Throwing
 + Level 2.6 Dodging
 - Level 2.0 Spellcasting
 - Level 3.0 Translocations


You had 4 spell levels left.
You knew the following spells:

 Your Spells              Type           Power        Failure   Level  Hunger
a - Blink                 Tloc           N/A          11%         2    ###....

Your spell library contained the following spells:

 Spells                   Type           Power        Failure   Level  Hunger
 Shroud of Golubria       Chrm/Tloc      #.....       19%         2    ###....
 Gell's Gravitas          Tloc           #.........   21%         3    ####...
 Lesser Beckoning         Tloc           #.........   21%         3    ####...
 Teleport Other           Tloc           #.......     21%         3    ####...
 Passage of Golubria      Tloc           N/A          56%         4    #####..


Dungeon Overview and Level Annotations

Branches:
Dungeon (2/15)

Altars:

Annotations:
D:2 Sigmund


Innate Abilities, Weirdness & Mutations

Your plain brown scales are hard. (AC +5)
You cannot fit into any form of body armour.
You are cold-blooded and may be slowed by cold attacks.


Message History

The kobold throws a stone.
The stone hits you but does no damage.
You see here a stone.
You closely miss the gnoll. The gnoll hits you with a +0 club.
You hit the gnoll.
The gnoll is moderately wounded.
The gnoll hits you with a +0 club.
You barely miss the gnoll.
You tail-slap the gnoll, but do no damage.
The gnoll is moderately wounded.
You closely miss the gnoll.
Your tail-slap misses the gnoll.
The gnoll is moderately wounded.
The gnoll hits you with a +0 club.
You hit the gnoll.
The gnoll is heavily wounded.
The gnoll hits you with a +0 club.
* * * LOW HITPOINT WARNING * * *
You closely miss the gnoll.
The gnoll is heavily wounded.
The gnoll hits you with a +0 club!
You die...

###.## #####............
#....####.##...........#
#.........#........(....
#....####.#...####.#.###
###..####.#.............
#......##.#....###.#.###
#......##.#......#.#.#..
#.....(##.#......#.#.###
#.##)..@gg.......#.#.#..
##.#######K......##.#.#.#
###.........(...........#.#
###)..........#g##.>......#.#
#...........................#
#.#.#######.#.#.##........#.#
###.#.#####.#.#................
#...........#.###.#####.######.
###................# ### ##


You could see 2 gnolls and a kobold.

Vanquished Creatures
  2 adders (D:2)
  4 dart slugs
  A leopard gecko (D:1)
  A ball python (D:2)
  A giant cockroach (D:1)
  4 goblins
  4 hobgoblins
  2 bats
  A frilled lizard (D:1)
  5 kobolds
  2 rats (D:1)
27 creatures vanquished.

Notes
Turn   | Place    | Note
-------+----------+-------------------------------------------
     0 | D:1      | Lanoc the Draconian Warper began the quest for the Orb.
     0 | D:1      | Reached XP level 1. HP: 17/17 MP: 3/3
   133 | D:1      | Reached XP level 2. HP: 20/25 MP: 5/5
   137 | D:1      | Learned a level 2 spell: Blink
  1064 | D:2      | Reached XP level 3. HP: 19/30 MP: 6/6
  1112 | D:2      | Noticed Sigmund
  1275 | D:1      | Slain by a gnoll

Levels and vault maps discovered:
D:1:      elethiomel_arrival_fortress_basement, layout_basic,
          minmay_split_cup_small
D:2:      layout_loops_ring, minmay_pentomino_v4, uniq_natasha, uniq_sigmund

Skill      XL: |  1  2 |
---------------+-------+-----
Polearms       | 3 |  3.2
Fighting       | |  2.9
Throwing       | |  0.8
Dodging        | |  2.6
Spellcasting   | |  2.0
Translocations | |  3.0

Action                   || total
-------------------------++-------
Melee: Spear             ||   142
       Tailslap          ||    12
  Eat: Chunk             ||     1
Armor: Skin              ||    24
Dodge: Dodged            ||    83

Table legend:
 A = Non-vault XP
 B = Vault XP
 C = Vault XP percentage of total XP
 D = Non-vault monster count
 E = Vault monster count
 F = Vault count percentage of total count
                 A         B        C        D         E       F
            +---------+---------+-------+---------+---------+-------
      Total |      42 |      34 |  44.7 |      20 |       7 |  25.9
            +---------+---------+-------+---------+---------+-------
        D:1 |      28 |       6 |  17.6 |      14 |       4 |  22.2
        D:2 |      14 |      28 |  66.7 |       6 |       3 |  33.3
            +---------+---------+-------+---------+---------+-------
